 Dungeon Crawl Stone Soup version 0.22-a0-354-g30dfbe6fde (webtiles) character file.

890 Principatus the Ruffian (level 7, -7/62 HPs)
             Began as a Troll Hunter on Apr 16, 2018.
             Was a Believer of Kikubaaqudgha.
             Killed by divine providence
             ... invoked by an orc priest
              (12 damage)
             ... on level 5 of the Dungeon.
             The game lasted 00:16:35 (3690 turns).

Principatus the Ruffian (Troll Hunter)              Turns: 3690, Time: 00:16:35

Health: -7/62      AC:  5    Str: 26    XL:     7   Next: 77%
Magic:  6/6        EV: 10    Int:  9    God:    Kikubaaqudgha [**....]
Gold:   264        SH:  0    Dex: 10    Spells: 5/6 levels left

rFire    . . .     SeeInvis .     - Unarmed
rCold    . . .     Gourm    +   (no shield)
rNeg     . . .     Faith    .   b - +0 robe
rPois    .         Spirit   .   (helmet restricted)
rElec    .         Reflect  .   (no cloak)
rCorr    .         Harm     .   (gloves unavailable)
MR       .....                  (boots unavailable)
Stlth    +.........             (no amulet)
HPRegen  0.60/turn              (no ring)
MPRegen  0.10/turn              (no ring)

@: mighty
A: large, unfitting armour, claws 3, fast metabolism 3, gourmand, regeneration
1, shaggy fur 1, tough skin 2
a: Receive Corpses, Renounce Religion


You were on level 5 of the Dungeon.
You worshipped Kikubaaqudgha.
Kikubaaqudgha was pleased with you.
You were completely stuffed.

You visited 1 branch of the dungeon, and saw 5 of its levels.

You collected 264 gold pieces.

Inventory:

Hand Weapons
 a - a +0 blowgun
Missiles
 c - 5 large rocks (quivered)
 d - a throwing net
 g - 55 poisoned needles
 s - 6 curare-tipped needles
Armour
 b - a +0 robe (worn)
 o - a +1 cloak
Scrolls
 e - 6 scrolls of remove curse
 h - 4 scrolls of enchant armour
 i - a scroll of amnesia {unknown}
 k - 3 scrolls of identify {unknown}
 n - 4 scrolls of teleportation {unknown}
 p - a scroll of noise {unknown}
Potions
 j - 2 potions of might
 l - 3 potions of heal wounds {unknown}
 m - 2 potions of flight {unknown}
 r - a potion of mutation {unknown}
Comestibles
 f - 10 rations
 q - 3 chunks of flesh


   Skills:
 - Level 1.5 Fighting
 - Level 4.0 Throwing
 - Level 1.5 Dodging
 - Level 0.3 Stealth
 * Level 7.1 Unarmed Combat
 + Level 0.2 Spellcasting
 + Level 3.6 Necromancy


You had 5 spell levels left.
You knew the following spells:

 Your Spells              Type           Power        Failure   Level  Hunger
a - Pain                  Necr           #...         9%          1    ##.....


Dungeon Overview and Level Annotations

Branches:
Dungeon (5/15)
 Temple: D:4-7

Altars:
Cheibriados
Hepliaklqana
Kikubaaqudgha
Sif Muna


Innate Abilities, Weirdness & Mutations

You are too large for most types of armour.
You have claws for hands.
Your metabolism is lightning-fast.
You like to eat raw meat.
Your natural rate of healing is unusually fast.
You are covered in fur. (AC +1)
You have very tough skin. (AC +2)


Message History

The killer bee zombie hits you.
* * * LOW HITPOINT WARNING * * *
The killer bee zombie barely misses you.
As you read the scroll labeled VICEBO QELA, it crumbles to dust.
It is a scroll of enchant armour.
Your cloak glows green for a moment.
The killer bee zombie barely misses you.
The killer bee zombie hits you but does no damage.
Okay, then.
The killer bee zombie hits you.
* * * LOW HITPOINT WARNING * * *
A worker ant comes into view.
The killer bee zombie hits you.
* * * LOW HITPOINT WARNING * * *
An orc comes into view. It is wielding a club.
The killer bee zombie hits you but does no damage.
The orc priest invokes the aid of Beogh against you.
Beogh smites you!
You die...
Kikubaaqudgha rasps: "You have failed me!
Welcome... death!"

........#
#♣♣♣♣♣
.######.##
###♣#
#..#####...+
#..o.s...s♣
##.h####.o♣♣
#####.# ###.#
#....o# #o#
#....h# #Z#
#.....## #@#
##.....# #a#
#.....## #.#
#......####.#
#.........#o#
####......#.#
#...!..#.#
#.)....#.#
###).###


You could see a worker ant, an orc priest, 2 orcs, a killer bee zombie and a
giant cockroach.

Vanquished Creatures
  A phantom (D:5)
  2 ogres (D:5)
  2 howler monkeys (D:4)
  A centaur zombie (D:5)
  A hound (D:5)
  4 orc priests
  Crazy Yiuf (D:2)
  3 iguanas
  3 orc wizards (D:3)
  A worker ant (D:4)
  Robin (D:2)
  5 adders
  A worm (D:2)
  3 dart slugs
  11 orcs
  14 bats
  2 giant cockroaches (D:3)
  12 goblins
  4 hobgoblins
  2 jackals (D:1)
  11 kobolds
  3 quokkas
  3 ball pythons
  5 frilled lizards
  2 quokka skeletons
  10 rats
108 creatures vanquished.

Notes
Turn   | Place    | Note
-------+----------+-------------------------------------------
     0 | D:1      | Principatus the Troll Hunter began the quest for the Orb.
     0 | D:1      | Reached XP level 1. HP: 19/19 MP: 0/0
   111 | D:1      | Reached skill level 1 in Unarmed Combat
   131 | D:1      | Reached XP level 2. HP: 27/27 MP: 1/1
   533 | D:1      | Reached skill level 2 in Unarmed Combat
   716 | D:1      | Reached XP level 3. HP: 33/33 MP: 2/2
  1015 | D:2      | Found a runed door.
  1150 | D:2      | Found a hazy altar of Hepliaklqana.
  1190 | D:2      | Found a faded altar of an unknown god.
  1196 | D:2      | Became a worshipper of Kikubaaqudgha
  1196 | D:2      | Reached * piety under Kikubaaqudgha
  1196 | D:2      | Identified Kikubaaqudgha's Catalogue of Black Magic (Kikubaaqudgha gifted it to you on level 2 of the Dungeon)
  1196 | D:2      | Received a gift from Kikubaaqudgha
  1204 | D:2      | Learned a level 1 spell: Pain
  1690 | D:2      | Noticed Robin
  1703 | D:2      | Killed Robin
  1703 | D:2      | Reached skill level 3 in Unarmed Combat
  1703 | D:2      | Reached XP level 4. HP: 34/41 MP: 3/3
  1827 | D:2      | Noticed Crazy Yiuf
  1834 | D:2      | Killed Crazy Yiuf
  1834 | D:2      | Reached skill level 1 in Necromancy
  1944 | D:3      | Reached XP level 5. HP: 47/48 MP: 1/4
  2050 | D:3      | Reached ** piety under Kikubaaqudgha
  2069 | D:3      | Reached skill level 4 in Unarmed Combat
  2361 | D:3      | Reached XP level 6. HP: 34/55 MP: 3/5
  2721 | D:4      | Reached skill level 5 in Unarmed Combat
  2901 | D:4      | Found a snail-covered altar of Cheibriados.
  3176 | D:4      | Found a deep blue altar of Sif Muna.
  3375 | D:5      | Entered Level 5 of the Dungeon
  3403 | D:5      | Reached skill level 6 in Unarmed Combat
  3403 | D:5      | Reached XP level 7. HP: 58/62 MP: 6/6
  3544 | D:5      | Reached skill level 7 in Unarmed Combat
  3690 | D:5      | Killed from afar by an orc priest

Vault maps used:
D:1:      lightli_arrival_farm, st_stairs_11
D:2:      lemuel_doored_altar, chequers_ecumenical_altar_simple,
          uniq_crazy_yiuf_cottage, uniq_robin
D:3:      first_ration
D:4:      nicolae_overflow_crystal_walls, led_sif_pool
D:5:      lemuel_round_altar, kennysheep_mini_moat, serial_shops, shop

Skill      XL: |  1  2  3  4  5  6  7 |
---------------+----------------------+-----
Unarmed Combat | 1 2 3 4 6 7 |  7.1
Throwing       | 4 |  4.0
Necromancy     | 1 2 3 |  3.6
Fighting       | |  1.5
Dodging        | |  1.5
Stealth        | |  0.3
Spellcasting   | |  0.2

Action                   |  1- 3 |  4- 6 |  7- 9 || total
-------------------------+-------+-------+-------++-------
Melee: Unarmed           |   119 |   136 |    54 ||   309
       Punch             |       |     5 |     1 ||     6
 Fire: Blowgun           |       |    10 |     6 ||    16
Throw: Throwing net      |       |     2 |       ||     2
 Cast: Pain              |     2 |     6 |       ||     8
  Use: Scroll            |       |     1 |     1 ||     2
       Potion            |       |       |     1 ||     1
 Stab: Sleeping          |     4 |     1 |       ||     5
  Eat: Chunk             |    21 |    16 |     3 ||    40
Armor: Robe              |    61 |    33 |    29 ||   123
Dodge: Dodged            |    83 |    54 |    27 ||   164

Table legend:
 A = Spawn XP
 B = Non-spawn XP
 C = Spawn XP percentage of total XP
 D = Spawn monster count
 E = Non-spawn monster count
 F = Spawn count percentage of total count
 G = Total turns spent on level
                    A         B        C        D         E        F      G
               +---------+---------+-------+---------+---------+-------+---------
         Total |       0 |    1272 |   0.0 |       0 |     108 |   0.0 |  3690
               +---------+---------+-------+---------+---------+-------+---------
           D:1 |       0 |      54 |   0.0 |       0 |      31 |   0.0 |  1002
           D:2 |       0 |     103 |   0.0 |       0 |      22 |   0.0 |   852
           D:3 |       0 |     265 |   0.0 |       0 |      33 |   0.0 |   753
           D:4 |       0 |     252 |   0.0 |       0 |      12 |   0.0 |   822
           D:5 |       0 |     598 |   0.0 |       0 |      10 |   0.0 |   261
               +---------+---------+-------+---------+---------+-------+---------
